 Dungeon Crawl Stone Soup version 0.31-a0-1206-g41278d8d1d (webtiles) character file.

Game seed: 11713112212747205688

555 gelatine the Chopper (level 7, -4/54 HPs)
             Began as a Demonspawn Fighter on Dec 13, 2023.
             Was a Believer of Makhleb.
             Slain by a sixfirhy (11 damage)
             ... on level 1 of the Abyss.
             The game lasted 00:08:08 (2303 turns).

gelatine the Chopper (Demonspawn Fighter)           Turns: 2303, Time: 00:08:09

Health: -4/54      AC: 10    Str: 18    XL:     7   Next: 8%
Magic:  8/8        EV: 10    Int:  8    God:    Makhleb [**....]
Gold:   67         SH:  5    Dex: 19    Spells: 8/8 levels left

rFire   . . .        a - +0 war axe
rCold   . . .        c - +0 buckler
rNeg    . . .        b - +0 scale mail
rPois   .            (helmet restricted)
rElec   .            (no cloak)
rCorr   .            g - +0 pair of gloves
SInv    .            (no boots)
Will    +....        (no amulet) Stlth
                     l - ring of willpower
HPRegen 0.29/turn    r - +6 ring of dexterity
MPRegen 0.11/turn

%: no passive effects
@: mighty, silenced (expiring), attractive
A: antennae 1, yellow scales 1, spiny 2
a: Renounce Religion


You were on level 1 of the Abyss.
You worshipped Makhleb.
Makhleb was pleased with you.
You visited 1 branch of the dungeon, and saw 3 of its levels.
You visited the Abyss 1 time.

You collected 155 gold pieces.
You spent 88 gold pieces at shops.

Inventory:

Hand Weapons
 a - a +0 war axe (weapon)
Missiles
 n - 5 boomerangs (quivered)
Armour
 b - a +0 scale mail (worn)
 c - a +0 buckler (worn)
 g - a +0 pair of gloves (worn)
Jewellery
 l - a ring of willpower (left hand)
 r - a +6 ring of dexterity (right hand)
Talismans
 j - a serpent talisman
Wands
 p - a wand of paralysis (11)
Scrolls
 o - a scroll of amnesia {unknown}
 q - a scroll of torment {unknown}
Potions
 d - a potion of might
 e - 2 potions of curing
 s - a potion of enlightenment {unknown}
 t - a potion of magic {unknown}


   Skills:
 * Level 4.1 Fighting
 * Level 4.6 Axes
 * Level 3.6 Armour
 * Level 1.5 Dodging
 * Level 3.3 Shields
 * Level 1.3 Spellcasting
 * Level 2.2 Invocations
 * Level 1.3 Evocations


You had 8 spell levels left.
You didn't know any spells.
Your spell library contained the following spells:

 Spells                   Type           Power      Damage    Failure   Level
 Cigotuvi's Dreadful Rot  Necr/Pois/Air  0%         N/A       93%         2
 Dispel Undead            Necr           0%         3d6       100%        4
 Death Channel            Necr           0%         N/A       100%        6


Dungeon Overview and Level Annotations

Branches:
Dungeon (3/15)

Altars:
Makhleb

Shops:
D:2 (


Innate Abilities, Weirdness & Mutations

You have a pair of small antennae on your head.
You are partially covered in yellow scales. (AC +2)
You are mostly covered in sharp spines.


Message History

It was a scroll of blinking.
As you read the scroll labelled DENIOSM RASH, it crumbles to dust.
You hear a loud clanging noise!
It was a scroll of noise.
You hear a roar! x2
As you read the scroll labelled ESCHUASKEAFF, it crumbles to dust.
A profound silence engulfs you.
It was a scroll of silence.
A sixfirhy comes into view.
Magic scrolls do not work when you're silenced!
It was a potion of curing.
You feel better.
It was a potion of attraction.
You feel attractive to monsters. The sixfirhy is attracted toward you.
It was a potion of heal wounds.
You feel much better. The sixfirhy hits you. The sixfirhy shocks you!
The sixfirhy is struck by your spines. The sixfirhy hits you.
The sixfirhy shocks you! You block the sixfirhy's attack.
The sixfirhy is struck by your spines. The sixfirhy closely misses you.
You miss the sixfirhy.
The sixfirhy is heavily wounded.
You block the sixfirhy's attack.
The sixfirhy hits you but does no damage.
The sixfirhy hits you. The sixfirhy shocks you!
* * * LOW HITPOINT WARNING * * *
The sixfirhy is struck by your spines.
The sixfirhy hits you but does no damage.
You feel very mighty all of a sudden.
You barely miss the sixfirhy.
The sixfirhy is heavily wounded.
The sixfirhy hits you but does no damage.
You miss the sixfirhy.
The sixfirhy is heavily wounded.
The sixfirhy is struck by your spines. The sixfirhy closely misses you.
The sixfirhy is struck by your spines.
The sixfirhy hits you but does no damage. x2
The sixfirhy is struck by your spines. The sixfirhy barely misses you.
The sixfirhy is struck by your spines. The sixfirhy hits you!
* * * LOW HITPOINT WARNING * * *
The sixfirhy shocks you!
You die...

##.#. .#. .#
##.......#.#
. .. #. # #
.. #. ##.# ##
.# . .#.
##.## #. ....
##.####..
#... ##.....
#....#..###.#
#..@.# ..
#..3## .#
#.#..# # ..
....
...#.#.#. .#
#..# .. ..#
.# ## ..


You could see a sixfirhy.

Vanquished Creatures
  A kobold brigand (D:3)
  2 howler monkeys (D:3)
  A hound (D:3)
  2 gnoll boudas (D:3)
  Ijyb (D:3)
  16 gnolls (D:3)
  3 adders (D:2)
  5 dart slugs
  12 orcs (D:3)
  4 bats
  An endoplasm (D:2)
  2 giant cockroaches
  5 goblins
  6 hobgoblins
  19 jackals
  2 quokkas (D:1)
  7 ball pythons
  7 frilled lizards
  6 kobolds (D:1)
  5 rats
107 creatures vanquished.

Notes
Turn   | Place    | Note
-------+----------+-------------------------------------------
     0 | D:1      | gelatine the Demonspawn Fighter began the quest for the
                  | Orb.
     0 | D:1      | Reached XP level 1. HP: 18/18 MP: 1/1
    96 | D:1      | Gained mutation: You have a pair of small antennae on your
                  | head. [demonic ancestry]
    96 | D:1      | Reached XP level 2. HP: 20/24 MP: 2/2
   294 | D:1      | Reached XP level 3. HP: 26/29 MP: 3/3
   732 | D:2      | Found a burning altar of Makhleb.
   747 | D:2      | Became a worshipper of Makhleb the Destroyer
  1026 | D:2      | Gained mutation: You are partially covered in sharp spines.
                  | [demonic ancestry]
  1026 | D:2      | Reached XP level 4. HP: 36/37 MP: 4/4
  1225 | D:2      | Found Veack's Weapon Shop.
  1230 | D:2      | Bought 4 boomerangs for 88 gold pieces
  1328 | D:3      | Noticed Ijyb
  1337 | D:3      | Paralysed by Ijyb for 4 turns
  1352 | D:3      | Killed Ijyb
  1352 | D:3      | Reached * piety under Makhleb
  1607 | D:3      | Reached skill level 1 in Invocations
  1674 | D:3      | Gained mutation: You are partially covered in yellow
                  | scales. (AC +2) [demonic ancestry]
  1674 | D:3      | Reached XP level 5. HP: 40/42 MP: 5/5
  1677 | D:3      | Reached skill level 1 in Dodging
  1935 | D:3      | Reached ** piety under Makhleb
  1936 | D:3      | Gained mutation: You are mostly covered in sharp spines.
                  | [demonic ancestry]
  1936 | D:3      | Reached XP level 6. HP: 46/48 MP: 7/7
  1942 | D:3      | Reached skill level 1 in Spellcasting
  1944 | D:3      | Reached skill level 1 in Evocations
  2012 | D:3      | Reached XP level 7. HP: 33/54 MP: 8/8
  2180 | Abyss:1  | Cast into level 1 of the Abyss (orc)
  2201 | Abyss:1  | Noticed a starcursed mass
  2263 | Abyss:1  | Noticed a raiju
  2296 | Abyss:1  | Noticed a sixfirhy
  2303 | Abyss:1  | Slain by a sixfirhy

Illustrated notes

Levels and vault maps discovered:
D:1:      lightli_arrival_chessboard, layout_loops_ring, chequers_garden
D:2:      layout_basic, serial_shops, nicolae_shop_just_a_little_nook,
          basic_altar
D:3:      lemuel_castle_with_subvaults [lemuel_castle_interior_carwin_2],
          layout_rooms, grunt_decor_cap, uniq_ijyb
Abyss:1:  base:
D:3

Skill      XL: |  1  2  3  4  5  6 |
---------------+-------------------+-----
Axes           | 2 3 4 |  4.6
Armour         | 3 |  3.6
Invocations    | 1 2 |  2.2
Dodging        | 1 |  1.5
Shields        | 3 |  3.3
Spellcasting   | 1 |  1.3
Fighting       | 4 |  4.1
Evocations     | 1 |  1.3

Action                     |  1- 3 |  4- 6 |  7- 9 || total
---------------------------+-------+-------+-------++-------
  Melee: War axe           |    97 |   120 |    21 ||   238
  Throw: Boomerang         |       |       |     1 ||     1
    Use: Potion            |       |     1 |     4 ||     5
         Scroll            |       |       |     3 ||     3
 Armour: Scale mail        |    73 |    92 |    22 ||   187
  Dodge: Dodged            |    38 |    56 |    12 ||   106
  Block: Buckler           |    36 |    50 |     6 ||    92

Table legend: (Time is in decaauts)
 A = Elapsed time spent in this place.
 B = Non-inter-level travel time spent in this place.
 C = Inter-level travel time spent in this place.
 D = Time resting spent in this place.
 E = Time spent auto-exploring this place.
 F = Levels seen in this place.
 G = Mean time per level.
                   A        B        C        D        E       F      G
               +--------+--------+--------+--------+--------+-----+--------+
         Total |   2396 |   2365 |     31 |      0 |   1545 |   4 |  599.0 |
       Dungeon |   2272 |   2241 |     31 |      0 |   1526 |   3 |  757.3 |
         Abyss |    124 |    124 |      0 |      0 |     19 |   1 |  124.0 |
               +--------+--------+--------+--------+--------+-----+--------+

Top non-repeatable levels by time:
     D:3: 901 daAuts
     D:1: 703 daAuts
     D:2: 666 daAuts
 Abyss:1: 124 daAuts
